 Dungeon Crawl Stone Soup version 0.27-a0-1456-gf5a116941d (webtiles) character file.

Game seed: 4046040632433268199

2 dickylongcocking the Magician (level 1, -1/16 HPs)
             Began as a Djinni Summoner on July 6, 2021.
             Slain by a jackal (2 damage)
             ... on level 1 of the Dungeon.
             The game lasted 00:00:16 (29 turns).

dickylongcocking the Magician (Djinni Summoner)       Turns: 29, Time: 00:00:16

Health: -1/16      AC:  2    Str:  7    XL:     1   Next: 33%
Gold:   0          EV: 12    Int: 16    God:
                   SH:  0    Dex: 13

rFire    + + .     SeeInvis .   b - +0 dagger
rCold    x . .     Faith    .   (no shield)
rNeg     . . .     Spirit   .   a - +0 robe
rPois    ∞         Reflect  .   (no helmet)
rElec    .         Harm     .   (no cloak)
rCorr    .         Rampage  .   (no gloves)
Will     .....                  (boots unavailable)
Stlth    ++........             (no amulet)
HPRegen  0.05/turn              (no ring)
MPRegen  0.00/turn              (no ring)

@: flying
A: sickness immunity, fire resistance 2, cold vulnerability 1, float, innate
caster, hp casting, extra vitality 1
a: no special abilities


You were on level 1 of the Dungeon.
You visited 1 branch of the dungeon, and saw 1 of its levels.

Inventory:

Hand Weapons
 b - a +0 dagger (weapon)
Armour
 a - a +0 robe (worn)


   Skills:
 * Level 0.6 Fighting
 - Level 2.1 Dodging
 - Level 1.5 Stealth
 - Level 3.2 Spellcasting


You couldn't memorise any spells.
You knew the following spells:

 Your Spells              Type           Power      Damage    Failure   Level
a - Summon Small Mammal   Summ           52%        N/A       4%          1
b - Call Imp              Summ           13%        N/A       7%          2
c - Call Canine Familiar  Summ           13%        N/A       14%         3
d - Summon Guardian Gole  Hex/Summ       13%        N/A       14%         3
e - Summon Lightning Spi  Summ/Air       13%        N/A       43%         4
Your spell library was empty.

Dungeon Overview and Level Annotations

Branches:
Dungeon (1/15)

Altars:


Innate Abilities, Weirdness & Mutations

You are immune to sickness and miasma.
You are immune to poison.
Your flesh is very heat resistant. (rF++)
You are vulnerable to cold. (rC-)
You float through the air rather than walking.
You learn spells naturally, not from books.
Your magical power is your life essence.
You have superior vitality. (+4 HP)


Message History

You are too injured to fight recklessly!
Your bat barely misses the bat.
The bat hits your bat.
Your bat barely misses the bat.
Found a stone staircase leading down.
A bat and a goblin come into view.
The bat hits you.
Your bat hits the bat but does no damage.
Found a scroll labelled DAANYO POEREFY.
The bat misses you. The jackal barely misses your bat.
You are too injured to fight recklessly!
Your bat closely misses the jackal.
Your bat barely misses the jackal.
The bat barely misses you.
You miss the jackal.
Your bat closely misses the jackal.
Your bat barely misses the jackal.
The jackal closely misses you. The jackal barely misses your bat.
Your bat barely misses the jackal.
The jackal closely misses your bat. The jackal barely misses your bat.
You hit the jackal.
The jackal is lightly wounded.
The goblin shouts!
Your bat closely misses the jackal.
The bat hits you but does no damage.
Your bat barely misses the jackal.
The bat hits you but does no damage. The bat closely misses your bat.
Your bat misses the jackal. The bat closely misses your bat.
The bat misses your bat. The jackal barely misses you. The jackal bites you.
* * * LOW HITPOINT WARNING * * *
The jackal bites you.
* * * LOW HITPOINT WARNING * * *
The jackal closely misses you.
Unknown command.
You hit the jackal but do no damage.
Your bat hits the jackal but does no damage.
Your bat barely misses the jackal.
The bat hits your bat but does no damage.
Your bat hits the bat. The jackal misses you. The jackal bites you.
* * * LOW HITPOINT WARNING * * *
The bat completely misses your bat.
Your bat hits the bat.
The bat hits your bat but does no damage.
Your bat hits the jackal. The bat misses your bat. The jackal bites you.
You die...

#.# #.# #.### hh#..
###########.#.#
###P#P#P#P#P#.#.#
#.............#.######.#
#<..PP........†h@.....>.
#........†...h#h######.#
###P#P#P#P#P#..b######.
###########.#b.......
...#........
###.#........
#.....g...? ######.####
..


You could see 3 jackals, a bat (ally target) and a friendly bat (summoned).

Vanquished Creatures (collateral kills)
  A dart slug (D:1)
  A ball python (D:1)
2 creatures vanquished.

Notes
Turn   | Place    | Note
-------+----------+-------------------------------------------
     0 | D:1      | dickylongcocking the Djinni Summoner began the quest for
                  | the Orb.
     0 | D:1      | Reached XP level 1. HP: 15/15 MP: 0/0
    29 | D:1      | Slain by a jackal

Illustrated notes

Levels and vault maps discovered:
D:1:      minmay_arrival_plants_in_alcoves, layout_basic,
          hellmonk_ecumenical_altar_prayer_group

Action                   || total
-------------------------++-------
Melee: Unarmed           ||     4
       Dagger            ||     3
 Cast: Summon Small Mamm ||     3
Armor: Robe              ||     2
Dodge: Dodged            ||     8

Table legend: (Time is in decaauts)
 A = Elapsed time spent in this place.
 B = Non-inter-level travel time spent in this place.
 C = Inter-level travel time spent in this place.
 D = Time resting spent in this place.
 E = Time spent auto-exploring this place.
 F = Levels seen in this place.
 G = Mean time per level.
                   A        B        C        D        E       F      G
               +--------+--------+--------+--------+--------+-----+--------+
         Total |     28 |     28 |      0 |      0 |      3 |   1 |   28.0 |
       Dungeon |     28 |     28 |      0 |      0 |      3 |   1 |   28.0 |
               +--------+--------+--------+--------+--------+-----+--------+

Top non-repeatable levels by time:
     D:1: 28 daAuts
